 Dungeon Sprint DCSS version 0.18-a0-29-gce27f3c (console) character file.

491 Kellhus the Carver (level 6, -19/50 HPs)
             Began as a Demigod Fighter on Nov 4, 2015.
             Demolished by a white ugly thing (34 damage)
             ... in the Dungeon (Sprint IX: "|||||||||||||||||||||||||||||").
             The game lasted 00:01:29 (492 turns).

Kellhus the Carver (Demigod Fighter)                 Turns: 492, Time: 00:01:29

Health: -19/50     AC: 17    Str: 19    XL:     6   Next: 59%
Magic:  8/8        EV:  3    Int: 12    God:
Gold:   0          SH:  9    Dex: 19    Spells: 0 memorised, 5 levels left

rFire  . . .     SeeInvis .     a - +2 scimitar (flame)
rCold  . . .     Clarity  .     s - +0 plate armour
rNeg   . . .     SustAt   +     c - +0 shield
rPois  .         Gourm    .     r - +0 helmet
rElec  .         Spirit   .     q - +0 cloak
rCorr  .         Warding  .     (no gloves)
rMut   .         NoTele   +     (no boots)
MR     .....                    (no amulet)
Stlth  ..........               u - +2 ring of protection
                                t - +2 ring of protection

@: not resistant to hostile enchantments, extremely unstealthy
A: high mp 1, sustain attributes
a: no special abilities


You were in the Dungeon.
You were not hungry.

You visited 1 branch

Inventory:

Hand Weapons
 a - a +2 scimitar of flaming (weapon)
 p - the +4 quarterstaff "Fiples" {flame, rF+ Int+5 Dex+4}
   (You found it in the Dungeon)

   It has been specially enchanted to burn those struck by it, causing extra
   injury to most foes and up to half again as much damage against particularly
   susceptible opponents.
   It affects your intelligence (+5).
   It affects your dexterity (+4).
   It protects you from fire.
 v - a +0 long sword
Armour
 b - a +0 scale mail
 c - a +0 shield (worn)
 q - a +0 cloak (worn)
 r - a +0 helmet (worn)
 s - a +0 plate armour (worn)
Jewellery
 t - a +2 ring of protection (left hand)
 u - a +2 ring of protection (right hand)
Wands
 o - a wand of draining (7)
Scrolls
 k - 2 scrolls of blinking
 m - 3 scrolls of remove curse
 n - 2 scrolls of amnesia
Potions
 d - a potion of might
 f - 5 potions of curing
 g - a potion of heal wounds
 h - a potion of haste
 i - 4 potions of magic
 w - a potion of invisibility
Comestibles
 e - a bread ration


   Skills:
 - Level 2.6 Fighting
 + Level 13.2 Long Blades
 - Level 2.6 Armour
 - Level 2.6 Shields


You had 5 spell levels left.
You didn't know any spells.

Dungeon Overview and Level Annotations

Branches:
Dungeon (1/1)


Innate Abilities, Weirdness & Mutations

You have an increased reservoir of magic (+10% MP).
Your attributes are resistant to harm.


Message History

The slime creature quivers.
The soldier ant twitches its antennae in your direction.
The white ugly thing gurgles horribly!
You hit the white ugly thing. You burn the white ugly thing.
The white ugly thing is lightly wounded.
The white ugly thing punches you. The white ugly thing freezes you!
You slash the white ugly thing! You burn the white ugly thing.
The white ugly thing is moderately wounded.
The white ugly thing punches you. The white ugly thing freezes you!!
Ouch! That really hurt!
* * * LOW HITPOINT WARNING * * *
Press: ? - help, v - describe, . - travel
Here: a slime creature The floor.
Drink which item? (? for menu, Esc to quit)
You feel much better. The white ugly thing punches you!
* * * LOW HITPOINT WARNING * * *
The white ugly thing freezes you!!
Ouch! That really hurt!
You die... ▓▓▓▓▓▓▓▓▓▓▓▓▓▓▓▓▓▓▓▓▓▓▓▓ .aaJYau@...†.).....)|..' ▓▓▓▓▓▓▓▓▓▓▓▓▓▓▓▓▓▓▓▓▓▓▓▓

You could see a white ugly thing, a slime creature, a yak, a soldier ant and 2 worker ants.

Vanquished Creatures
  A soldier ant (D)
  An orc warrior (D)
  An ice beast (D)
  An eye of draining (D)
  A quasit (D)
  A jelly (D)
  A worker ant (D)
  An adder (D)
  2 bat skeletons (D)
  A giant cockroach (D)
  A hobgoblin (D)
  3 kobolds (D)
  A rat (D)
16 creatures vanquished.

Notes
Turn   | Place    | Note
--------------------------------------------------------------
     0 | D        | Kellhus the Demigod Fighter began the quest for the Orb.
     0 | D        | Reached XP level 1. HP: 18/18 MP: 3/3
    13 | D        | Reached skill level 3 in Long Blades
    50 | D        | Noticed a jelly
    53 | D        | Killed a jelly
    53 | D        | Reached skill level 6 in Long Blades
    53 | D        | Reached XP level 2. HP: 16/25 MP: 4/4
    53 | D        | Reached XP level 3. HP: 19/30 MP: 5/5
   183 | D        | Found a glowing silver altar of Zin.
   183 | D        | Found a glowing golden altar of the Shining One.
   183 | D        | Found an ancient bone altar of Kikubaaqudgha.
   183 | D        | Found a basalt altar of Yredelemnul.
   183 | D        | Found a shimmering altar of Xom.
   183 | D        | Found a radiant altar of Vehumet.
   184 | D        | Found an iron altar of Okawaru.
   185 | D        | Found a burning altar of Makhleb.
   186 | D        | Found a deep blue altar of Sif Muna.
   187 | D        | Found a bloodstained altar of Trog.
   188 | D        | Found a sparkling altar of Nemelex Xobeh.
   189 | D        | Found a white marble altar of Elyvilon.
   190 | D        | Found a roughly hewn altar of Beogh.
   191 | D        | Found a viscous altar of Jiyva.
   192 | D        | Found a corrupted altar of Lugonu.
   193 | D        | Found a blossoming altar of Fedhas.
   194 | D        | Found a snail-covered altar of Cheibriados.
   195 | D        | Found a shadowy altar of Dithmenos.
   196 | D        | Found a stormy altar of Qazlal.
   197 | D        | Found an opulent altar of Gozag.
   198 | D        | Found a sacrificial altar of Ru.
   215 | D        | Got the +4 quarterstaff "Fiples" {flame, rF+ Int+5 Dex+4}
   273 | D        | Noticed a soldier ant
   273 | D        | Noticed an ice beast
   273 | D        | Noticed an eye of draining
   273 | D        | Noticed an orc warrior
   277 | D        | Reached skill level 7 in Long Blades
   280 | D        | Killed an orc warrior
   280 | D        | Reached skill level 10 in Long Blades
   280 | D        | Reached XP level 4. HP: 29/37 MP: 0/6
   280 | D        | Reached XP level 5. HP: 32/42 MP: 0/7
   287 | D        | Killed an eye of draining
   287 | D        | Reached skill level 11 in Long Blades
   297 | D        | Killed an ice beast
   297 | D        | Reached skill level 12 in Long Blades
   297 | D        | Reached XP level 6. HP: 7/50 MP: 1/8
   305 | D        | Killed a soldier ant
   305 | D        | Reached skill level 13 in Long Blades
   489 | D        | Noticed a slime creature
   489 | D        | Noticed a yak
   489 | D        | Noticed a soldier ant
   489 | D        | Noticed a white ugly thing
   491 | D        | HP: 2/50 [white ugly thing (25)]
   492 | D        | Demolished by a white ugly thing

Vault maps used:
D:        linesprint

Action                   |  1- 3 |  4- 6 || total
-------------------------+-------+-------++-------
Melee: Long sword        |    32 |       ||    32
       Scimitar          |     7 |    29 ||    36
  Use: Potion            |     1 |     2 ||     3
